 Dungeon Crawl Stone Soup version 0.20.1-1-g8b1a95d (webtiles) character file.

111 MJtheKandyman the Digger (level 4, -3/24 HPs)
             Began as a Gargoyle Earth Elementalist on Dec 24, 2017.
             Slain by Terence
             ... wielding a +2 flail of protection
              (5 damage)
             ... on level 2 of the Dungeon.
             The game lasted 00:14:00 (2213 turns).

MJtheKandyman the Digger (GrEE)                     Turns: 2213, Time: 00:14:00

Health: -3/24      AC:  7    Str: 12    XL:     4   Next: 92%
Magic:  1/7        EV: 12    Int: 16    God:
Gold:   130        SH:  0    Dex: 10    Spells: 6/7 levels left

rFire    . . .     SeeInvis .   j - +0 dagger
rCold    . . .     Gourm    .   (no shield)
rNeg     + . .     Faith    .   t - +0 robe
rPois    ∞         Spirit   .   (no helmet)
rElec    +         Reflect  .   (no cloak)
rCorr    .         Harm     .   (no gloves)
MR       .....                  s - +1 pair of boots
Stlth    ++........             (no amulet)
Regen    0.1/turn               (no ring)
MPRegen  0.1/turn               (no ring)

@: no status effects
A: negative energy resistance 1, electricity resistance, unbreathing,
petrification resistance, rot immunity, AC +3
a: no special abilities


You were on level 2 of the Dungeon.
You were not hungry.

You visited 1 branch of the dungeon, and saw 3 of its levels.

You collected 130 gold pieces.

Inventory:

Hand Weapons
 i - a +0 dagger
 j - a +0 dagger (weapon)
 r - a +0 dagger
Missiles
 b - 27 stones (quivered)
Armour
 c - a +0 robe
 s - a +1 pair of boots (worn)
 t - a +0 robe (worn)
Jewellery
 f - a cursed ring of resist corrosion
 g - an uncursed ring of stealth {unknown}
Scrolls
 a - a scroll of enchant armour {unknown}
 n - a scroll of recharging {unknown}
 u - a scroll of remove curse {unknown}
 v - a scroll of blinking {unknown}
 w - a scroll of teleportation {unknown}
Potions
 h - a potion of flight {unknown}
 k - 2 potions of invisibility {unknown}
 p - a potion of ambrosia {unknown}
Books
 e - a book of Geomancy

   Spells                             Type                      Level
   a - Sandblast                      Earth                        1
   b - Passwall                       Transmutation/Earth          2
   c - Stone Arrow                    Conjuration/Earth            3
   d - Petrify                        Transmutation/Earth          4
   e - Lee's Rapid Deconstruction     Earth                        5
Comestibles
 d - 3 bread rations
 l - a royal jelly
 o - 3 fruits


   Skills:
 - Level 1.5 Dodging
 - Level 2.1 Stealth
 + Level 2.1 Spellcasting
   Level 0.7 Transmutations
 + Level 6.4 Earth Magic


You had 6 spell levels left.
You knew the following spells:

 Your Spells              Type           Power        Failure   Level  Hunger
a - Sandblast             Erth           ###...       1%          1    #......


Dungeon Overview and Level Annotations

Branches:
Dungeon (3/15)

Altars:

Annotations:
D:2 Terence


Innate Abilities, Weirdness & Mutations

You are resistant to torment.
Your stone body is resilient. (AC +3)
You are immune to poison.
You resist negative energy. (rN+)
You are resistant to electric shocks. (rElec)
You can survive without breathing.
You are immune to petrification.
You are immune to rotting.


Message History

You hit Terence but do no damage.
Terence is heavily wounded.
Terence hits you but does no damage.
You hit Terence but do no damage.
Terence is heavily wounded.
You closely miss Terence.
Terence is heavily wounded.
Terence hits you with a flail of protection.
You hit Terence but do no damage.
Terence is heavily wounded.
Terence hits you with a flail of protection.
You hit Terence but do no damage.
Terence is heavily wounded.
Terence closely misses you.
You closely miss Terence.
Terence is heavily wounded.
Terence hits you with a flail of protection!
* * * LOW HITPOINT WARNING * * *
Terence hits you with a flail of protection.
You die...

###### .....#
############
####.#########>.@@..)>..#
#.........#..........#
#######..............#
#.................#
##.##...############
######..#...##
.......##.### #########.#
# #...#


You could see Terence.

Vanquished Creatures
  Jessica (D:3)
  3 adders
  A worm (D:2)
  6 dart slugs
  2 leopard geckos
  2 ball pythons
  3 giant cockroaches
  6 goblins
  4 hobgoblins
  2 kobolds (D:2)
  A quokka (D:3)
  5 bats
  3 frilled lizards
  4 rats (D:1)
43 creatures vanquished.

Notes
Turn   | Place    | Note
-------+----------+-------------------------------------------
     0 | D:1      | MJtheKandyman the Gargoyle Earth Elementalist began the quest for the Orb.
     0 | D:1      | Reached XP level 1. HP: 10/10 MP: 3/3
    83 | D:1      | Reached skill level 4 in Earth Magic
   102 | D:1      | Reached XP level 2. HP: 15/15 MP: 0/5
  1164 | D:2      | Reached XP level 3. HP: 19/19 MP: 3/6
  1198 | D:2      | Reached skill level 5 in Earth Magic
  1600 | D:3      | Noticed Jessica
  1601 | D:3      | Killed Jessica
  1601 | D:3      | Reached skill level 6 in Earth Magic
  1601 | D:3      | Reached XP level 4. HP: 24/24 MP: 2/7
  1876 | D:3      | Found a faded altar of an unknown god.
  1920 | D:3      | Noticed Terence
  2213 | D:2      | Slain by Terence

Skill      XL: |  1  2  3 |
---------------+----------+-----
Earth Magic    | 4 6 |  6.4
Dodging        | |  1.5
Stealth        | |  2.1
Spellcasting   | |  2.1
Transmutations | |  0.7

Action                   |  1- 3 |  4- 6 || total
-------------------------+-------+-------++-------
Melee: Dagger            |     6 |    23 ||    29
 Cast: Sandblast         |    39 |    42 ||    81
  Use: Scroll            |       |     3 ||     3
       Potion            |       |     1 ||     1
  Eat: Chunk             |     3 |     2 ||     5
Armor: Robe              |     8 |    10 ||    18
Dodge: Dodged            |     7 |    34 ||    41
